 Dungeon Crawl Stone Soup version 0.25-a0-634-gd1561dc703 (webtiles) character file.

Game seed: 11322885413636000963, levelgen mode: deterministic

99 DasRunzen the Grave Robber (level 4, -1/33 HPs)
             Began as a Mummy Necromancer on Mar 20, 2020.
             Killed from afar by an orc wizard (10 damage)
             ... with a magic dart
             ... on level 3 of the Dungeon.
             The game lasted 00:05:47 (2758 turns).

DasRunzen the Grave Robber (Mummy Necromancer)      Turns: 2758, Time: 00:05:47

Health: -1/33      AC:  2    Str: 11    XL:     4   Next: 45%
Magic:  9/9        EV: 12    Int: 15    God:
Gold:   109        SH:  0    Dex: 12    Spells: 6/10 levels left

rFire    x . .     SeeInvis .   b - +0 whip
rCold    + . .     Gourm    .   (no shield)
rNeg     + + +     Faith    .   a - +0 robe
rPois    ∞         Spirit   .   (no helmet)
rElec    .         Reflect  .   (no cloak)
rCorr    .         Harm     .   (no gloves)
MR       .....                  (no boots)
Stlth    ++........             (no amulet)
HPRegen  0.11/turn              (no ring)
MPRegen  0.11/turn              (no ring)

@: no status effects
A: no food or potions, fire vulnerability, cold resistance 1, negative energy
resistance 3, torment resistance, unbreathing
a: no special abilities


You were on level 3 of the Dungeon.
You were not hungry.

You visited 1 branch of the dungeon, and saw 3 of its levels.

You collected 109 gold pieces.

Inventory:

Hand Weapons
 b - a +0 whip (weapon)
Armour
 a - a +0 robe (worn)
Scrolls
 c - 4 scrolls of identify
 d - a scroll of magic mapping
 e - a scroll of remove curse


   Skills:
 + Level 1.9 Fighting
 + Level 2.3 Dodging
 - Level 1.5 Stealth
 + Level 3.7 Spellcasting
 + Level 4.5 Necromancy


You had 6 spell levels left.
You knew the following spells:

 Your Spells              Type           Power        Failure   Level  Hunger
a - Pain                  Necr           ###.         3%          1    N/A
b - Vampiric Draining     Necr           ###.......   9%          3    N/A

Your spell library contained the following spells:

 Spells                   Type           Power        Failure   Level  Hunger
 Animate Skeleton         Necr           N/A          3%          1    N/A
 Animate Dead             Necr           N/A          28%         4    N/A
 Agony                    Necr           ###.....     63%         5    N/A

Dungeon Overview and Level Annotations

Branches:
Dungeon (3/15)

Altars:
Makhleb
Vehumet


Innate Abilities, Weirdness & Mutations

You do not eat or drink.
Your flesh is vulnerable to fire.
You are immune to poison.
Your flesh is cold resistant. (rC+)
You are immune to negative energy. (rN+++)
You are immune to unholy pain and torment.
You can survive without breathing.


Message History

The orc wizard blinks!
You see here a bat corpse.
An orc comes into view. It is wielding a +0 mace.
The orc wizard gestures wildly while chanting.
The orc wizard seems to speed up.
The orc wizard mumbles some strange words.
The orc wizard blinks!
The orc wizard hits you with a +0 dagger.
The orc wizard completely misses you.
The orc wizard mumbles some strange words.
The orc wizard blinks!
The orc wizard barely misses you. The orc wizard barely misses you.
The orc wizard gestures at you while chanting.
The magic dart hits you.
* * * LOW HITPOINT WARNING * * *
You see here 7 stones.
The orc wizard points at you and mumbles some strange words.
The magic dart hits you!
You die...

#.......# ####...#
#######.#####.####......#
#.......##.........##...#
#.####.....##.##.......##
#.####..#####.##.#####.#
#.##..........##.##....#
#
#.##.##.########.##.##.#
# #.##.##.#
######(......#
###.......#
#...@.###.####
....##.#.####..(..# #.#
....##.#o...o..o..#
#<#########
....##....###.....#
#.........#
..........###.....#
#.#######.#
.##.####..#......## #.#
#.# ###.......#.####.#
#.##### #.#
#########.#.####.#
#.....# #.# ..#
#......#.# #.###.# #.#


You could see an orc wizard and an orc.

Vanquished Creatures
  An adder (D:2)
  A gnoll (D:1)
  An ooze (D:2)
  A worm (D:3)
  A leopard gecko (D:1)
  An orc (D:3)
  2 ball pythons
  7 bats
  4 giant cockroaches
  12 goblins
  6 hobgoblins
  12 jackals
  5 kobolds
  A quokka (D:2)
  3 frilled lizards
  4 rats
62 creatures vanquished.

Notes
Turn   | Place    | Note
-------+----------+-------------------------------------------
     0 | D:1      | DasRunzen the Mummy Necromancer began the quest for the
                  | Orb.
     0 | D:1      | Reached XP level 1. HP: 13/13 MP: 4/4
   226 | D:1      | Reached XP level 2. HP: 20/20 MP: 0/6
   239 | D:1      | Reached skill level 1 in Fighting
   714 | D:1      | Reached XP level 3. HP: 26/26 MP: 4/7
  1672 | D:2      | Reached XP level 4. HP: 33/33 MP: 7/9
  1745 | D:2      | Found a burning altar of Makhleb.
  1745 | D:2      | Found a radiant altar of Vehumet.
  2016 | D:2      | Learned a level 3 spell: Vampiric Draining
  2758 | D:3      | Killed from afar by an orc wizard

Levels and vault maps discovered:
D:1:      dpeg_arrival_round_c, layout_basic
D:2:      layout_loops_ring, gammafunk_temple_overflow_wave
D:3:      layout_loops_cross, minmay_misc_feat_nine_boxes

Skill      XL: |  1  2 |
---------------+-------+-----
Spellcasting   | 3 |  3.7
Fighting       | 1 |  1.9
Dodging        | 2 |  2.3
Stealth        | |  1.5
Necromancy     | |  4.5

Action                   |  1- 3 |  4- 6 || total
-------------------------+-------+-------++-------
Melee: Unarmed           |     1 |       ||     1
       Whip              |    18 |       ||    18
 Cast: Pain              |    68 |    49 ||   117
  Use: Scroll            |     2 |       ||     2
Armor: Robe              |    10 |     3 ||    13
Dodge: Dodged            |    19 |     7 ||    26

Table legend:
 A = Non-vault XP
 B = Vault XP
 C = Vault XP percentage of total XP
 D = Non-vault monster count
 E = Vault monster count
 F = Vault count percentage of total count
                 A         B        C        D         E       F
            +---------+---------+-------+---------+---------+-------
      Total |     142 |       0 |   0.0 |      62 |       0 |   0.0
            +---------+---------+-------+---------+---------+-------
        D:1 |      67 |       0 |   0.0 |      30 |       0 |   0.0
        D:2 |      59 |       0 |   0.0 |      24 |       0 |   0.0
        D:3 |      16 |       0 |   0.0 |       8 |       0 |   0.0
            +---------+---------+-------+---------+---------+-------
